 Dungeon Crawl Stone Soup version 0.26-a0-738-g91b530ce93 (webtiles) character file.

Game seed: 3620833990922064017

22 2tc the Chopper (level 2, 0/22 HPs)
             Began as a Demonspawn Gladiator on Nov 5, 2020.
             Slain by an adder (3 damage)
             ... on level 2 of the Dungeon.
             The game lasted 00:02:09 (834 turns).

2tc the Chopper (Demonspawn Gladiator)               Turns: 834, Time: 00:02:10

Health: 0/22       AC:  6    Str: 14    XL:     2   Next: 68%
Magic:  2/2        EV: 12    Int:  9    God:
Gold:   57         SH:  0    Dex: 14    Spells: 1/1 levels left

rFire    . . .     SeeInvis .   a - +0 war axe
rCold    . . .     Faith    .   (no shield)
rNeg     . . .     Spirit   .   b - +1 leather armour
rPois    .         Reflect  .   c - +0 helmet
rElec    .         Harm     .   (no cloak)
rCorr    .         Rampage  .   (no gloves)
MR       .....                  (no boots)
Stlth    +.........             (no amulet)
HPRegen  0.07/turn              (no ring)
MPRegen  0.08/turn              (no ring)

@: no status effects
A: rugged brown scales 1
a: no special abilities


You were on level 2 of the Dungeon.
You visited 1 branch of the dungeon, and saw 2 of its levels.

You collected 57 gold pieces.

Inventory:

Hand Weapons
 a - a +0 war axe (weapon)
Missiles
 d - 3 throwing nets (quivered)
Armour
 b - a +1 leather armour (worn)
 c - a +0 helmet (worn)
Jewellery
 e - an uncursed ring of ice
Potions
 f - 2 potions of curing {unknown}
 i - a potion of cancellation {unknown}


   Skills:
 - Level 2.0 Fighting
 * Level 3.6 Axes
 - Level 1.7 Throwing
 - Level 2.6 Dodging


You had one spell level left.
You didn't know any spells.
Your spell library was empty.

Dungeon Overview and Level Annotations

Branches:
Dungeon (2/15)

Altars:


Innate Abilities, Weirdness & Mutations

You are partially covered in rugged brown scales. (AC +1, +3% HP)


Message History

You slash the worm!
The worm is severely wounded.
You hit the leopard gecko.
You kill the leopard gecko!
The worm bites you.
* * * LOW HITPOINT WARNING * * *
You hit the worm.
The worm is heavily wounded.
The worm closely misses you.
Found 11 gold pieces.
An adder comes into view.
The adder hisses angrily.
The adder closely misses you.
You barely miss the adder. The adder bites you but does no damage.
The adder closely misses you. The adder barely misses you.
The adder completely misses you. The adder misses you.
You completely miss the adder. The adder barely misses you.
The adder bites you.
You die...

#.########.#####
#........#.....#
#......#.###.#######
#...................#
#..........#.######.# #
#.#####....#.##...#.#### ..
#.#.......<#.##.#.#.#..
....#..........#.##.#.#.#.#
..........#..@S.#......#.#.#
#.##..#####.....#..#.###(..##
#..............w........†#
#...#<#...........###.##)..
#.....#.#...........#+# ...
#.....#.#.............$ #..
#.#..##.#...#.#.###..... .. #
... ........#.# ..... .. ##..
#.###.###.# ..... .


You could see a worm and an adder.

Vanquished Creatures
  A leopard gecko (D:2)
  A ball python (D:1)
  4 bats (D:1)
  A giant cockroach (D:1)
  A hobgoblin (D:2)
  3 frilled lizards
  4 goblins
  2 kobolds (D:2)
  4 rats
21 creatures vanquished.

Notes
Turn   | Place    | Note
-------+----------+-------------------------------------------
     0 | D:1      | 2tc the Demonspawn Gladiator began the quest for the Orb.
     0 | D:1      | Reached XP level 1. HP: 16/16 MP: 1/1
    98 | D:1      | Reached skill level 3 in Axes
   265 | D:1      | Gained mutation: You are partially covered in rugged brown
                  | scales. (AC +1, +3% HP) [demonic ancestry]
   265 | D:1      | Reached XP level 2. HP: 16/22 MP: 2/2
   817 | D:2      | HP: 1/22 [worm (6)]
   834 | D:2      | Slain by an adder

Illustrated notes

Levels and vault maps discovered:
D:1:      matt_arrival_spirals, layout_basic, minmay_misc_feat_square
D:2:      kennysheep_big_flooded_room, layout_basic, minmay_bisected

Skill      XL: |  1 |
---------------+----+-----
Axes           | 3 |  3.6
Fighting       | |  2.0
Throwing       | |  1.7
Dodging        | |  2.6

Action                   || total
-------------------------++-------
Melee: War axe           ||    47
  Use: Scroll            ||     4
Armor: Leather armour    ||    19
Dodge: Dodged            ||    44

Table legend: (Time is in decaauts)
 A = Elapsed time spent in this place.
 B = Non-inter-level travel time spent in this place.
 C = Inter-level travel time spent in this place.
 D = Time resting spent in this place.
 E = Time spent auto-exploring this place.
 F = Levels seen in this place.
 G = Mean time per level.
                   A        B        C        D        E       F      G
               +--------+--------+--------+--------+--------+-----+--------+
         Total |    848 |    807 |     41 |    143 |    529 |   2 |  424.0 |
       Dungeon |    848 |    807 |     41 |    143 |    529 |   2 |  424.0 |
               +--------+--------+--------+--------+--------+-----+--------+

Top non-repeatable levels by time:
     D:1: 764 daAuts
     D:2: 84 daAuts
